 Dungeon Crawl Stone Soup version 0.20.1-1-g8b1a95d (webtiles) character file.

289 Ladykiller69 the Chiller (level 6, -2/32 HPs)
             Began as a Deep Elf Ice Elementalist on July 9, 2017.
             Killed by divine providence
             ... invoked by an orc priest
              (13 damage)
             ... on level 3 of the Dungeon.
             The game lasted 00:14:21 (3091 turns).

Ladykiller69 the Chiller (DEIE)                     Turns: 3091, Time: 00:14:22

Health: -2/32      AC:  4    Str:  9    XL:     6   Next: 9%
Magic:  0/15       EV: 13    Int: 22    God:
Gold:   177        SH:  0    Dex: 15    Spells: 4/15 levels left

rFire    x . .     SeeInvis .   d - staff of earth
rCold    + . .     Gourm    .   (no shield)
rNeg     . . .     Faith    .   a - +0 robe
rPois    .         Spirit   .   (no helmet)
rElec    .         Reflect  .   (no cloak)
rCorr    .         Harm     .   (no gloves)
MR       .....                  v - +1 pair of boots
Stlth    ++........             (no amulet)
Regen    0.1/turn               g - ring of ice
MPRegen  0.2/turn               l - +4 ring of strength

@: no status effects
A: no striking features
a: no special abilities


You were on level 3 of the Dungeon.
You were not hungry.

You visited 1 branch of the dungeon, and saw 4 of its levels.

You collected 177 gold pieces.

Inventory:

Hand Weapons
 F - a +0 blowgun
Missiles
 G - 8 poisoned needles
Armour
 a - a +0 robe (worn)
 n - a +0 pair of boots
 t - a +0 pair of boots
 v - a +1 pair of boots (worn)
 y - a +0 cloak
 z - a +0 helmet
Magical Staves
 d - an uncursed staff of earth (weapon)
Jewellery
 g - a ring of ice (left hand)
 l - a +4 ring of strength (right hand)
 J - a cursed -2 ring of protection {unknown}
Wands
 C - a wand of iceblast (8/15)
 K - a wand of scattershot (5/9)
Scrolls
 e - 4 scrolls of identify {unknown}
 f - 3 scrolls of teleportation {unknown}
 h - 2 scrolls of immolation {unknown}
 m - a scroll of magic mapping {unknown}
 r - 2 scrolls of recharging {unknown}
 s - 3 scrolls of amnesia {unknown}
 u - a scroll of remove curse {unknown}
 D - a scroll of blinking {unknown}
Potions
 i - a potion of cancellation {unknown}
 k - a potion of magic {unknown}
 o - 2 potions of agility {unknown}
 p - a potion of lignification {unknown}
 q - a potion of invisibility {unknown}
 w - a potion of flight {unknown}
 x - 2 potions of ambrosia {unknown}
 A - a potion of heal wounds {unknown}
 E - a potion of curing {unknown}
 H - a potion of haste {unknown}
Books
 b - a book of Frost

   Spells                             Type                      Level
   a - Freeze                         Ice                          1
   b - Throw Frost                    Conjuration/Ice              2
   c - Ozocubu's Armour               Charms/Ice                   3
   d - Throw Icicle                   Conjuration/Ice              4
   e - Summon Ice Beast               Ice/Summoning                4
Comestibles
 c - 3 bread rations
 j - 2 meat rations
 B - a fruit
 I - 3 chunks of flesh


   Skills:
 - Level 3.0 Dodging
 - Level 3.1 Stealth
 + Level 5.0 Spellcasting
 * Level 3.7 Conjurations
 + Level 5.0 Ice Magic


You had 4 spell levels left.
You knew the following spells:

 Your Spells              Type           Power        Failure   Level  Hunger
a - Freeze                Ice            ####         1%          1    None
b - Throw Frost           Conj/Ice       #####.       2%          2    None
c - Throw Icicle          Conj/Ice       #####...     17%         4    ####...
d - Summon Ice Beast      Ice/Summ       ###.....     34%         4    ####...


Dungeon Overview and Level Annotations

Branches:
Dungeon (4/15)
 Temple: D:4-7

Altars:
Dithmenos
Makhleb
Okawaru
Qazlal
Ru
Sif Muna
Xom


Message History

The orc throws a tomahawk.
The tomahawk barely misses you.
Casting: Throw Frost
Confirm with . or Enter, or press ? or * to list all spells.
Aiming: Throw Icicle
Press: ? - help, Shift-Dir - straight line, f/p - orc priest
Aim: an orc priest, wielding a trident and wearing a leather armour (heavily wounded)
You feel a surge of power!
The shard of ice misses the orc priest.
The orc priest calls down the wrath of Beogh upon you.
Beogh smites you!
An orc comes into view. It is wielding a trident.
Casting: Throw Icicle
Confirm with . or Enter, or press ? or * to list all spells.
Aiming: Throw Icicle
Press: ? - help, Shift-Dir - straight line, f/p - orc priest
Aim: an orc priest, wielding a trident and wearing a leather armour (heavily wounded)
You feel a surge of power!
The shard of ice hits the orc priest.
The orc priest is almost dead.
The orc priest mumbles some strange prayers to Beogh against you.
Beogh smites you!
You die...

#>######...###.## #.#
##.###...## ## #.#
#.##.....# #. #.#
#.###...######.
#.#######...........#.P
#......#######.######..
######.# #.# #.. #.#
##'## #.. #@#
##...####♣.. ###(#
##......##8P. ##.#.#
##.<..........
##....###............[
#...o)..+........##...
##....###.........#...
#...o..##.......###P.
#.##o#.###.....## #..
#.##.#.# ##...## #..


You could see an orc priest and 2 orcs.

Vanquished Creatures
  A crimson imp (D:4)
  An orc priest (D:4)
  A hound (D:4)
  An orc wizard (D:3)
  A hound skeleton (D:4)
  Robin (D:3)
  6 adders
  An ooze (D:3)
  A worm (D:3)
  6 orcs
  A ball python (D:4)
  10 bats
  2 giant cockroaches (D:2)
  5 hobgoblins
  7 jackals
  9 kobolds
  A quokka (D:2)
  15 goblins
  3 rats
73 creatures vanquished.

Notes
Turn   | Place    | Note
-------+----------+-------------------------------------------
     0 | D:1      | Ladykiller69 the Deep Elf Ice Elementalist began the quest for the Orb.
     0 | D:1      | Reached XP level 1. HP: 10/10 MP: 6/6
   529 | D:1      | Reached XP level 2. HP: 15/15 MP: 2/8
   542 | D:1      | Learned a level 2 spell: Throw Frost
   729 | D:2      | Found a shadowy altar of Dithmenos.
   862 | D:2      | Reached XP level 3. HP: 19/19 MP: 6/10
   989 | D:2      | Found a deep blue altar of Sif Muna.
   995 | D:2      | Found a shimmering altar of Xom.
  1043 | D:2      | Found a stormy altar of Qazlal.
  1043 | D:2      | Found an iron altar of Okawaru.
  1264 | D:2      | Noticed a bullfrog
  1523 | D:3      | Reached XP level 4. HP: 14/24 MP: 0/12
  1755 | D:3      | Noticed Robin
  1762 | D:3      | Killed Robin
  1807 | D:3      | Learned a level 4 spell: Throw Icicle
  1956 | D:3      | Found a faded altar of an unknown god.
  2383 | D:3      | Reached XP level 5. HP: 27/28 MP: 10/13
  2556 | D:4      | Found a sacrificial altar of Ru.
  2822 | D:4      | Found a burning altar of Makhleb.
  2823 | D:4      | Reached skill level 5 in Ice Magic
  2823 | D:4      | Reached XP level 6. HP: 32/32 MP: 11/15
  2886 | D:4      | Reached skill level 5 in Spellcasting
  2895 | D:4      | Learned a level 4 spell: Summon Ice Beast
  3091 | D:3      | Killed from afar by an orc priest

Skill      XL: |  1  2  3  4  5  6 |
---------------+-------------------+-----
Stealth        | 3 |  3.1
Dodging        | 3 |  3.0
Spellcasting   | 4 5 |  5.0
Conjurations   | 2 3 |  3.7
Ice Magic      | 4 5 |  5.0

Action                   |  1- 3 |  4- 6 || total
-------------------------+-------+-------++-------
Melee: Unarmed           |     3 |       ||     3
       Staff             |       |    16 ||    16
 Cast: Freeze            |    51 |    35 ||    86
       Throw Frost       |     9 |    31 ||    40
       Throw Icicle      |       |     2 ||     2
  Eat: Chunk             |     2 |     5 ||     7
Armor: Robe              |    10 |    12 ||    22
Dodge: Dodged            |    33 |    48 ||    81
